[Event "Titled Tuesday Blitz September 13 Late 2022"]
[White "Pinero Rodriguez, Carlos Jose"]
[Black "Fishbein, Alexander"]
[WhiteFideId "3901726"]
[BlackFideId "2000377"]
[WhiteElo "2053"]
[BlackElo "2410"]
[Result "0-1"]
[Round "03"]
[TimeControl "180+1"]
[Date "2022.09.13"]
[WhiteClock "0:00:03"]
[BlackClock "0:00:04"]

1. e4 c5 2. Nf3 d6 3. d4 cxd4 4. Nxd4 Nf6 5. Nc3 Nc6 6. Bg5 e6 7. Qd2 Be7 8. f4 O-O 9. Nf3 h6 10. Bh4 Nxe4 11. Nxe4 Bxh4+ 12. Nxh4 Qxh4+ 13. g3 Qh5 14. Be2 Qg6 15. Nxd6 Rd8 16. O-O-O Qf6 17. Qe3 e5 18. fxe5 Qxe5 19. Qxe5 Nxe5 20. Rhe1 f6 21. Nc4 Rxd1+ 22. Rxd1 Bg4 23. Bxg4 Nxg4 24. h3 Nf2 25. Rd7 b6 26. Nd6 g6 27. h4 h5 28. c4 f5 29. Nb5 Ne4 30. Nd4 Nxg3 31. Ne6 Kh8 32. Nf4 Rg8 33. Rxa7 g5 34. hxg5 Rxg5 35. a4 Rg4 36. Ne6 Rxc4+ 37. Kd2 h4 38. Ng5 Ne4+ 39. Nxe4 Rxe4 40. Ra6 h3 41. Rxb6 Kg7 42. Rb3 Rh4 43. Rg3+ Kf6 44. Rg1 h2 45. Rh1 Ke5 46. Ke2 Rb4 47. Kf3 Rb3+ 48. Kg2 Rxb2+ 49. Kh3 Kf4 50. Rxh2 Rb4 51. Kh4 Ke3+ 52. Kg5 f4 53. Rh4 Rxa4 54. Rh3+ f3 55. Rh8 Ke2 56. Rf8 Re4 57. Kh5 f2 58. Kg5 f1=Q 59. Rxf1 Kxf1 0-1


[Site "https://www.chess.com"]

[Event "Titled Tuesday Blitz September 13 Late 2022"]
[White "Sarana, Alexey"]
[Black "Ibarra Jerez, Jose Carlos"]
[WhiteFideId "24133795"]
[BlackFideId "2226332"]
[WhiteElo "2689"]
[BlackElo "2627"]
[Result "0-1"]
[Round "03"]
[TimeControl "180+1"]
[Date "2022.09.13"]
[WhiteClock "0:00:13"]
[BlackClock "0:00:12"]

1. c4 e6 2. Nc3 d5 3. cxd5 exd5 4. d4 Nf6 5. Bf4 Bd6 6. Bxd6 Qxd6 7. e3 c6 8. Bd3 O-O 9. Nge2 g6 10. Qd2 Re8 11. f3 Qe7 12. Kf2 Nbd7 13. Rhf1 Nb6 14. Rae1 c5 15. b3 Bd7 16. dxc5 Qxc5 17. Nd4 Rac8 18. Nce2 Re7 19. Rc1 Qd6 20. Rxc8+ Nxc8 21. Ng3 Qb6 22. Rc1 Nd6 23. Qc3 h5 24. Qc7 Qxc7 25. Rxc7 Kf8 26. Rc2 h4 27. Nge2 Ke8 28. a4 Kd8 29. a5 g5 30. h3 a6 31. Rc5 Be6 32. Nc3 Rc7 33. Na4 Rxc5 34. Nxc5 Bc8 35. Ke2 Kc7 36. Kd2 b6 37. axb6+ Kxb6 38. b4 Nfe8 39. Kc3 Ng7 40. Na4+ Kc7 41. Nb3 Ne6 42. Nbc5 Nb5+ 43. Kd2 Kd6 44. Nxe6 fxe6 45. Nc5 e5 46. Be2 Nc7 47. Kc3 a5 48. Nb3 d4+ 49. exd4 Nd5+ 50. Kd2 axb4 51. Bf1 Nf4 52. Ke3 Be6 53. Nc5 Bd5 54. Na4 Bc6 55. Nb2 Nd5+ 56. Ke4 Ne7+ 57. Ke3 Nf5+ 58. Kd2 Nxd4 59. Nc4+ Ke6 60. Ne3 b3 61. Kc3 Bd7 62. Bc4+ Kd6 63. Bxb3 Ne2+ 64. Kd2 Nf4 65. Bc4 Be6 66. Bf1 Bd7 67. Kc3 Nd5+ 68. Kd2 Nxe3 69. Kxe3 Ke6 70. Bd3 Kf6 71. Kd2 Be6 72. Kc3 Bd7 73. Kb4 Be6 74. Kc5 Bf7 75. Kd6 Bb3 76. Bb5 Kf5 77. Ba6 Kf4 78. Bf1 Bc2 79. Ke6 e4 80. fxe4 Bxe4 81. Kf6 Bd5 82. Kg6 Be4+ 83. Kh5 Bd5 84. Kg6 Bc6 85. Kh5 Be8+ 86. Kh6 Bf7 87. Be2 Bd5 88. Bf1 Bf7 89. Be2 Be8 90. Bf1 Bc6 91. Kh5 Be4 92. Kh6 g4 93. Kh5 gxh3 94. gxh3 Kg3 95. Kg5 Bc6 96. Be2 Bd7 97. Bd3 Bxh3 98. Bc4 Bg2 99. Be6 Bh3 100. Bc4 Bd7 101. Bf1 Bc8 102. Kh5 Bg4+ 103. Kg5 Bd7 104. Kh5 Be8+ 105. Kg5 Bf7 106. Kh6 Be6 107. Kg5 Bc8 108. Kh5 Bh3 109. Be2 Bg2 110. Bg4 Be4 111. Kg5 Bc6 112. Be6 Bg2 113. Bd7 Bh3 114. Bb5 Bg4 115. Bf1 Bf3 116. Kf5 Bg2 117. Bxg2 Kxg2 118. Kg4 h3 119. Kh4 h2 120. Kg4 h1=Q 121. Kf4 Qh3 122. Ke4 Qg3 123. Kd4 Qf3 124. Kc4 Qe3 125. Kb4 Qd3 126. Kc5 Kf3 127. Kc6 Ke4 128. Kb7 Qc4 129. Ka8 Kd5 130. Kb8 Qc6 131. Ka7 Qb5 132. Ka8 Kc6 133. Ka7 Qb7# 0-1


[Site "https://www.chess.com"]

[Event "Titled Tuesday Blitz September 13 Late 2022"]
[White "Shimanov, Aleksandr"]
[Black "Todorovic, Bojan"]
[WhiteFideId "4198603"]
[BlackFideId "917087"]
[WhiteElo "2605"]
[BlackElo "2266"]
[Result "1-0"]
[Round "03"]
[TimeControl "180+1"]
[Date "2022.09.13"]
[WhiteClock "0:01:49"]
[BlackClock "0:00:04"]

1. e4 c5 2. Nf3 Nc6 3. Nc3 e5 4. Bc4 Be7 5. d3 d6 6. a4 Nf6 7. Bg5 Nd7 8. Be3 O-O 9. Nd5 Nf6 10. h3 Nxd5 11. Bxd5 Be6 12. c3 Bxd5 13. exd5 Nb8 14. O-O Nd7 15. b4 cxb4 16. cxb4 f5 17. Qb3 Qe8 18. Rac1 Bd8 19. a5 Qg6 20. Kh1 h6 21. Rc4 e4 22. dxe4 fxe4 23. Nd2 Ne5 24. Rxe4 Bg5 25. f4 Bh4 26. Qb1 Nd7 27. f5 Qh5 28. g4 Qf7 29. Re6 Nf6 30. Qd3 Rad8 31. Bxa7 Nd7 32. Nc4 Bf6 33. Nxd6 1-0


[Site "https://www.chess.com"]

[Event "Titled Tuesday Blitz September 13 Late 2022"]
[White "Sliwicki, Damian"]
[Black "Salem, A.R. Saleh"]
[WhiteFideId "1127128"]
[BlackFideId "9301348"]
[WhiteElo "2135"]
[BlackElo "2628"]
[Result "1/2-1/2"]
[Round "03"]
[TimeControl "180+1"]
[Date "2022.09.13"]
[WhiteClock "0:01:55"]
[BlackClock "0:00:58"]

1. e4 c5 2. Nf3 d6 3. d4 cxd4 4. Qxd4 Nf6 5. Bg5 Nc6 6. Bb5 Bd7 7. Bxc6 Bxc6 8. Nc3 e6 9. O-O-O Be7 10. Rhe1 h6 11. Bh4 O-O 12. Kb1 Qc7 13. g4 Nxg4 14. Rg1 Ne5 15. Bxe7 Qxe7 16. Nxe5 dxe5 17. Qxe5 f6 18. Qh5 Rfd8 19. Rde1 Kf8 20. Qg6 Qf7 21. Qh7 Rd7 22. Re3 Qg8 23. Qg6 Qf7 24. Qh7 Qg8 25. Qg6 Qf7 26. Qh7 1/2-1/2


[Site "https://www.chess.com"]

[Event "Titled Tuesday Blitz September 13 Late 2022"]
[White "Tari, Aryan"]
[Black "Dimitrov, Atanas"]
[WhiteFideId "1510045"]
[BlackFideId "2901315"]
[WhiteElo "2612"]
[BlackElo "2666"]
[Result "1-0"]
[Round "03"]
[TimeControl "180+1"]
[Date "2022.09.13"]
[WhiteClock "0:00:40"]
[BlackClock "0:00:40"]

1. e4 c5 2. Nc3 d6 3. f4 g6 4. Nf3 Bg7 5. Bb5+ Bd7 6. Bc4 Nc6 7. d3 Nf6 8. e5 dxe5 9. fxe5 Nh5 10. e6 Bxe6 11. Bxe6 fxe6 12. Qe2 Qd7 13. Ne4 b6 14. c3 O-O 15. Be3 Rad8 16. Rd1 e5 17. g3 Nf6 18. O-O Nd5 19. Bc1 h6 20. Nh4 Qe6 21. Kg2 Kh7 22. Nf3 Qg4 23. Nfg5+ Qxg5 24. Bxg5 hxg5 25. Nxg5+ Kg8 26. Ne6 Rxf1 27. Rxf1 Rd6 28. Ng5 Nf6 29. Ne4 Rd8 30. Nxf6+ exf6 31. Qe4 Rd6 32. Qxg6 Kf8 33. g4 Ne7 34. Qe4 Kf7 35. g5 f5 36. Rxf5+ Nxf5 37. Qxf5+ Ke7 38. h4 c4 39. dxc4 Rd2+ 40. Kf3 Rd1 41. Kg4 Rd8 42. Qh7 Kf7 43. Kf5 Rf8 44. h5 Ke8+ 45. Ke6 Rf7 46. Qg8+ Bf8 47. Qxf7+ 1-0


[Site "https://www.chess.com"]

[Event "Titled Tuesday Blitz September 13 Late 2022"]
[White "Tatarinov, Dmitry"]
[Black "Sjugirov, Sanan"]
[WhiteFideId "24160067"]
[BlackFideId "4189302"]
[WhiteElo "2324"]
[BlackElo "2609"]
[Result "1-0"]
[Round "03"]
[TimeControl "180+1"]
[Date "2022.09.13"]
[WhiteClock "0:00:12"]
[BlackClock "0:00:03"]

1. d4 d5 2. Nf3 e6 3. c4 a6 4. cxd5 exd5 5. Nc3 h6 6. g3 Nf6 7. Bg2 c6 8. O-O Bd6 9. b3 O-O 10. Bb2 Re8 11. Qc2 Nbd7 12. Rfe1 Nf8 13. Ne5 Bxe5 14. dxe5 Rxe5 15. Rad1 Qe7 16. e4 Bg4 17. f3 Bh5 18. Nxd5 cxd5 19. Bxe5 Qxe5 20. exd5 Qd6 21. Qf2 Rd8 22. Qa7 b5 23. Qb7 N8d7 24. Qc6 Nb6 25. g4 Bg6 26. h3 Qb8 27. d6 Rc8 28. d7 Nfxd7 29. Qd6 Qxd6 30. Rxd6 Kf8 31. f4 f6 32. Bc6 Be8 33. Re2 Rc7 34. Kf2 Nc8 35. Rde6 Bf7 36. Bxd7 Rxd7 37. Rxa6 Rc7 38. Ra8 Be8 39. Rd2 Ke7 40. Rb8 Bd7 41. Re2+ Kf7 42. Ra8 Nd6 43. a4 bxa4 44. bxa4 f5 45. gxf5 Bxf5 46. a5 Ne4+ 47. Kf3 Nc3 48. Re5 Bd7 49. Kf2 Bc6 50. Rh8 Nd1+ 51. Ke1 Nb2 52. Kf1 Nd3 53. Re3 Nxf4 54. Rb8 Ra7 55. Ra3 Ne6 56. Rb6 Bd5 57. a6 g5 58. Kg1 h5 59. Kh2 h4 60. Ra5 Bf3 61. Rf5+ Ke7 62. Rxf3 Nd4 63. Re3+ Kf7 64. Rh6 Kg7 65. Rb6 Nf5 66. Rb7+ 1-0


[Site "https://www.chess.com"]

[Event "Titled Tuesday Blitz September 13 Late 2022"]
[White "Ter-Sahakyan, Samvel"]
[Black "Papasimakopoulos, Alexandros"]
[WhiteFideId "13302531"]
[BlackFideId "4244125"]
[WhiteElo "2604"]
[BlackElo "2357"]
[Result "1-0"]
[Round "03"]
[TimeControl "180+1"]
[Date "2022.09.13"]
[WhiteClock "0:00:22"]
[BlackClock "0:01:21"]

1. e4 e6 2. d4 d5 3. Nc3 Bb4 4. e5 b6 5. Qg4 Bf8 6. h4 h5 7. Qg3 Ne7 8. Bg5 Ba6 9. Bxa6 Nxa6 10. O-O-O Qd7 11. Bxe7 Bxe7 12. Qxg7 O-O-O 13. Qg3 Rdg8 14. Qf3 Rg4 15. Nge2 Rhg8 16. g3 Bf8 17. Kb1 Bh6 18. a3 Kb7 19. Qd3 Nb8 20. f3 R4g6 21. f4 Nc6 22. Qf3 Rg4 23. Rdg1 Ne7 24. Nd1 Nf5 25. Nf2 c5 26. Nxg4 Rxg4 27. dxc5 bxc5 28. c4 Kb8 29. cxd5 exd5 30. Rc1 Bf8 31. Rhd1 d4 32. Rd3 a5 33. Rb3+ Ka7 34. Qd3 Ne3 35. Rb5 Qf5 36. Rxa5+ Kb6 37. Rb5+ Kc6 38. Nxd4+ 1-0


[Site "https://www.chess.com"]

[Event "Titled Tuesday Blitz September 13 Late 2022"]
[White "Trost, Edvin"]
[Black "Zhigalko, Sergei"]
[WhiteFideId "1729519"]
[BlackFideId "13502956"]
[WhiteElo "2186"]
[BlackElo "2662"]
[Result "0-1"]
[Round "03"]
[TimeControl "180+1"]
[Date "2022.09.13"]
[WhiteClock "0:00:07"]
[BlackClock "0:00:11"]

1. Nf3 d5 2. b3 Bf5 3. Bb2 e6 4. g3 h6 5. Bg2 Nf6 6. O-O Be7 7. d3 O-O 8. Nbd2 a5 9. a4 c6 10. Re1 Bh7 11. e4 Na6 12. Ne5 Qb6 13. Qe2 Rad8 14. Rac1 Nb4 15. h4 Bc5 16. Rf1 Na2 17. Ra1 Nb4 18. Rac1 Rfe8 19. Ng4 Nxg4 20. Qxg4 Bd4 21. Bxd4 Qxd4 22. c3 Qxd3 23. Rfd1 Na2 24. Bf1 Nxc1 25. Bxd3 Nxd3 26. Qe2 Nc5 27. e5 Bc2 28. Rc1 Bh7 29. Qe3 Nd7 30. f4 c5 31. Nf3 Rb8 32. Ra1 b5 33. axb5 Rxb5 34. Nd2 Reb8 35. Kf2 Bf5 36. Rg1 h5 37. Ra1 Nf8 38. Qe2 g6 39. Qe3 Nd7 40. Ra2 Kg7 41. Ra3 R8b7 42. Ra2 Nb8 43. Kg1 Nc6 44. Kh2 d4 45. cxd4 Nxd4 46. Ra3 Nc2 47. Qf3 Nxa3 48. Ne4 Bxe4 49. Qxe4 Rxb3 50. Kh3 Nb5 51. f5 Nd4 52. Qf4 Nxf5 53. Qg5 Rxg3+ 54. Qxg3 Nxg3 55. Kxg3 Rb4 56. Kf3 Rg4 57. Ke3 Rxh4 58. Kd3 Rg4 59. Kc3 h4 60. Kb3 h3 0-1


[Site "https://www.chess.com"]

[Event "Titled Tuesday Blitz September 13 Late 2022"]
[White "Turski, Bartlomiej"]
[Black "Bortnyk, Olexandr"]
[WhiteFideId "21810567"]
[BlackFideId "14120828"]
[WhiteElo "2001"]
[BlackElo "2723"]
[Result "1-0"]
[Round "03"]
[TimeControl "180+1"]
[Date "2022.09.13"]
[WhiteClock "0:00:57"]
[BlackClock "0:00:51"]

1. e4 Nf6 2. e5 Nd5 3. d4 d6 4. c4 Nb6 5. exd6 exd6 6. Nc3 Be7 7. Nf3 O-O 8. Be3 Nc6 9. b3 Bg4 10. Be2 Bf6 11. h3 Bh5 12. Rc1 Re8 13. O-O h6 14. Re1 Bg6 15. Bd3 Bxd3 16. Qxd3 d5 17. c5 Nc8 18. Nh2 N8e7 19. Ng4 Ng6 20. Nxf6+ Qxf6 21. Nxd5 Qd8 22. Nc3 Qh4 23. d5 Rad8 24. Qc4 Qxc4 25. bxc4 Nce5 26. Bd4 c6 27. Bxe5 Nxe5 28. Rb1 a5 29. d6 Re6 30. f4 Nd3 31. Rxe6 fxe6 32. Ne4 Rd7 33. g3 Kf7 34. a3 e5 35. f5 g6 36. f6 Ke6 37. Kg2 g5 38. Kf3 Kf5 39. Ke3 Nf4 40. gxf4 exf4+ 41. Kf3 Rf7 42. Rd1 Rd7 43. f7 1-0


[Site "https://www.chess.com"]

[Event "Titled Tuesday Blitz September 13 Late 2022"]
[White "Vasquez Schroeder, Rodrigo"]
[Black "Salman, Pavel"]
[WhiteFideId "3400042"]
[BlackFideId "24153753"]
[WhiteElo "2577"]
[BlackElo "2039"]
[Result "1/2-1/2"]
[Round "03"]
[TimeControl "180+1"]
[Date "2022.09.13"]
[WhiteClock "0:00:30"]
[BlackClock "0:00:08"]

1. e4 c5 2. Nf3 e6 3. d4 cxd4 4. Nxd4 a6 5. Bd3 Bc5 6. Nb3 Ba7 7. O-O Ne7 8. Qe2 e5 9. Be3 Nbc6 10. Bxa7 Rxa7 11. Qe3 d6 12. c4 O-O 13. Nc3 Be6 14. Rac1 Qb8 15. Rfd1 b5 16. Nd5 bxc4 17. Bxc4 Bxd5 18. Bxd5 Nb4 19. Na5 Nbxd5 20. exd5 Rc7 21. Rxc7 Qxc7 22. Qd2 Rc8 23. g3 h6 24. b4 Qc2 25. Nb7 Nf5 26. g4 Qxd2 27. Rxd2 Nh4 28. Rd1 Nf3+ 29. Kg2 Nd4 30. Nxd6 Rd8 31. Nf5 Nxf5 32. gxf5 Kf8 33. Kf3 Ke7 34. Ke4 Rc8 35. d6+ Kd7 36. Kxe5 Rc2 37. a4 Re2+ 38. Kd5 Rxf2 39. Kc5 Rxf5+ 40. Kb6 Rf4 41. Ka5 g5 42. b5 axb5 43. axb5 Rf2 44. h3 Rb2 45. Rd4 h5 46. Rd5 g4 47. Rxh5 gxh3 48. Rxh3 Kxd6 49. Rf3 Ke6 50. b6 f5 51. Rf4 Ke5 52. Rb4 Ra2+ 53. Kb5 Rh2 54. b7 Rh8 55. Kc6 f4 56. b8=Q+ Rxb8 57. Rxb8 f3 58. Rf8 Ke4 59. Kc5 Ke3 60. Kc4 f2 61. Kc3 Ke2 62. Re8+ Kf3 63. Rf8+ Ke2 64. Re8+ Kf3 65. Kd2 f1=Q 66. Rf8+ Kg2 67. Rxf1 Kxf1 1/2-1/2


[Site "https://www.chess.com"]

[Event "Titled Tuesday Blitz September 13 Late 2022"]
[White "Woelk, Tom-Frederic"]
[Black "Livaic, Leon"]
[WhiteFideId "12993077"]
[BlackFideId "14531534"]
[WhiteElo "2310"]
[BlackElo "2540"]
[Result "0-1"]
[Round "03"]
[TimeControl "180+1"]
[Date "2022.09.13"]
[WhiteClock "0:00:17"]
[BlackClock "0:01:28"]

1. e4 c6 2. d4 d5 3. e5 Bf5 4. Nf3 e6 5. Be2 Ne7 6. Nbd2 Ng6 7. Nb3 Nd7 8. O-O f6 9. exf6 Qxf6 10. Bg5 Qf7 11. c4 Bd6 12. Re1 O-O 13. Be3 Nf4 14. c5 Nxe2+ 15. Qxe2 Bc7 16. Nh4 Rae8 17. Nxf5 Qxf5 18. Rad1 e5 19. dxe5 Qxe5 20. g3 Qf5 21. Nd4 Qh3 22. b4 Ne5 23. Qf1 Qh5 24. Qg2 Ng4 25. b5 Rxe3 26. fxe3 Rf2 27. Qxf2 Nxf2 28. Kxf2 Qxh2+ 29. Kf3 Qxg3+ 30. Ke2 Qg2+ 31. Kd3 Ba5 32. Rf1 Qxa2 33. bxc6 Qc4# 0-1


[Site "https://www.chess.com"]

[Event "Titled Tuesday Blitz September 13 Late 2022"]
[White "Xiong, Jeffery"]
[Black "Shirov, Alexei"]
[WhiteFideId "2047640"]
[BlackFideId "2209390"]
[WhiteElo "2714"]
[BlackElo "2678"]
[Result "1-0"]
[Round "03"]
[TimeControl "180+1"]
[Date "2022.09.13"]
[WhiteClock "0:02:31"]
[BlackClock "0:01:04"]

1. d4 d5 2. c4 c6 3. Nf3 Nf6 4. cxd5 cxd5 5. Nc3 Nc6 6. Bf4 Bf5 7. Qb3 Na5 8. Qa4+ Bd7 9. Qc2 Rc8 10. e3 e6 11. Bd3 Nh5 12. Bg5 f6 13. h4 Qb6 14. g4 fxg5 15. hxg5 Nf4 16. exf4 Bd6 17. f5 exf5 18. Bxf5 Bxf5 19. Qxf5 Rf8 20. Qxc8+ 1-0


[Site "https://www.chess.com"]

[Event "Titled Tuesday Blitz September 13 Late 2022"]
[White "Yurovskykh, Oleksandr"]
[Black "Ivic, Velimir"]
[WhiteFideId "14134020"]
[BlackFideId "950122"]
[WhiteElo "2303"]
[BlackElo "2625"]
[Result "1/2-1/2"]
[Round "03"]
[TimeControl "180+1"]
[Date "2022.09.13"]
[WhiteClock "0:00:07"]
[BlackClock "0:00:03"]

1. d4 d5 2. Bf4 Nf6 3. e3 c5 4. c3 e6 5. Nd2 Bd6 6. Bg3 Qc7 7. dxc5 Qxc5 8. Bd3 O-O 9. Ngf3 Re8 10. e4 e5 11. O-O Qb6 12. Qb3 Qc7 13. Rfe1 dxe4 14. Nxe4 Nxe4 15. Bxe4 Nd7 16. Bxh7+ Kf8 17. Bc2 Nc5 18. Qb5 Bg4 19. Ng5 Rad8 20. h3 Bh5 21. Ne4 Nxe4 22. Bxe4 b6 23. f3 Bc5+ 24. Bf2 Bxf2+ 25. Kxf2 Rd2+ 26. Re2 Red8 27. Re1 f6 28. c4 Bf7 29. Qb4+ R2d6 30. b3 a5 31. Qc3 Qc5+ 32. Qe3 Rd4 33. Kg1 g5 34. Kh2 Kg7 35. Rc1 Be6 36. Rcc2 Rh8 37. Rcd2 Bxh3 38. gxh3 Qc8 39. Kg1 Qxh3 40. Rh2 Qg3+ 41. Rhg2 Qh4 42. Rxd4 exd4 43. Qd2 d3 44. Bxd3 Qd4+ 45. Rf2 Rd8 46. Kf1 Qxd3+ 47. Qxd3 Rxd3 48. Ke2 Rd6 49. Rg2 Kg6 50. f4 Kf5 51. fxg5 fxg5 52. Ke3 g4 53. a3 Re6+ 54. Kd4 Kf4 55. b4 Kf3 56. Rg1 axb4 57. axb4 g3 58. b5 Kf2 59. Rxg3 Kxg3 60. c5 Kf4 61. cxb6 Rxb6 62. Kc5 Rb8 63. Kc6 Ke5 64. b6 Ke6 65. Kc7 Rh8 66. b7 Rh7+ 67. Kc6 Rh8 68. Kc7 Ke7 69. b8=Q Rxb8 70. Kxb8 1/2-1/2


[Site "https://www.chess.com"]

[Event "Titled Tuesday Blitz September 13 Late 2022"]
[White "Al Hosani, Omran"]
[Black "Tomb, Maroun"]
[WhiteFideId "9308733"]
[BlackFideId "5300398"]
[WhiteElo "2167"]
[BlackElo "2544"]
[Result "1/2-1/2"]
[Round "04"]
[TimeControl "180+1"]
[Date "2022.09.13"]
[WhiteClock "0:00:08"]
[BlackClock "0:00:36"]

1. Nf3 d6 2. g3 Nf6 3. Bg2 Nbd7 4. O-O e5 5. d4 Be7 6. c4 c6 7. Nc3 O-O 8. e4 a6 9. c5 exd4 10. cxd6 Bxd6 11. Nxd4 Nc5 12. h3 Re8 13. Re1 h6 14. f4 Bf8 15. e5 Nd5 16. Nxd5 cxd5 17. Be3 Ne4 18. Kh2 f6 19. Nf3 Be6 20. Bd4 Rc8 21. Qb3 Qd7 22. exf6 gxf6 23. Nh4 Bf7 24. Rad1 Kg7 25. Bxe4 Rxe4 26. Rxe4 dxe4 27. Qe3 Rc2+ 28. Rd2 Rxd2+ 29. Qxd2 Kg8 30. Qc3 f5 31. Ng2 Bxa2 32. Ne3 Be6 33. g4 Bd6 34. Be5 Bxe5 35. Qxe5 Qd2+ 36. Ng2 Qd7 37. Ne3 Qd2+ 38. Ng2 Qd7 39. Ne3 1/2-1/2


[Site "https://www.chess.com"]

[Event "Titled Tuesday Blitz September 13 Late 2022"]
[White "Andreikin, Dmitry"]
[Black "Hansen, Eric"]
[WhiteFideId "4158814"]
[BlackFideId "2606771"]
[WhiteElo "2736"]
[BlackElo "2568"]
[Result "1-0"]
[Round "04"]
[TimeControl "180+1"]
[Date "2022.09.13"]
[WhiteClock "0:00:04"]
[BlackClock "0:00:02"]

1. d4 Nf6 2. c4 e6 3. g3 Bb4+ 4. Bd2 Be7 5. Bg2 d5 6. Nf3 O-O 7. O-O c6 8. Qc2 Nbd7 9. b3 a5 10. Nc3 b6 11. e4 Ba6 12. Ne5 Rc8 13. Rfd1 dxc4 14. Nxc4 b5 15. Ne3 b4 16. Na4 Be2 17. Rdc1 Bb5 18. Qd1 g6 19. Nc4 Re8 20. Bf4 Nh5 21. Be3 Nhf6 22. h4 h5 23. Bf4 Ng4 24. Nd6 Bxd6 25. Bxd6 e5 26. Nc5 Nxf2 27. Qf3 Ng4 28. Bh3 exd4 29. Bxg4 hxg4 30. Qf4 Nxc5 31. Rxc5 Re6 32. e5 d3 33. Qxg4 Ra8 34. Qd4 Qb6 35. Rf1 Rd8 36. Qf2 Rd7 37. h5 d2 38. Rd1 Rexd6 39. exd6 Rxd6 40. hxg6 fxg6 41. Re5 Qd8 42. Qe3 Kf7 43. Re4 Kg7 44. Re7+ Kg8 45. Re8+ 1-0


[Site "https://www.chess.com"]

[Event "Titled Tuesday Blitz September 13 Late 2022"]
[White "Barp, Alberto"]
[Black "Ozen, Bahadir"]
[WhiteFideId "872555"]
[BlackFideId "6337058"]
[WhiteElo "2229"]
[BlackElo "2503"]
[Result "1/2-1/2"]
[Round "04"]
[TimeControl "180+1"]
[Date "2022.09.13"]
[WhiteClock "0:00:22"]
[BlackClock "0:00:13"]

1. d4 Nf6 2. c4 e6 3. g3 d5 4. Bg2 Bb4+ 5. Bd2 Be7 6. Nc3 O-O 7. Qb3 c6 8. Nf3 b6 9. O-O Ba6 10. cxd5 cxd5 11. Rfc1 Nbd7 12. a4 Bc4 13. Qd1 a5 14. b3 Ba6 15. Nb5 Bxb5 16. axb5 Ne4 17. Bf4 Bd6 18. Bxd6 Nxd6 19. Qd3 Rc8 20. e3 h6 21. Rc6 Nb8 22. Rcc1 Qd7 23. Bf1 Rxc1 24. Rxc1 Rc8 25. Rc2 Rxc2 26. Qxc2 Qc8 27. Qxc8+ Nxc8 28. Ne5 Nd6 29. f3 Kf8 30. Kf2 Ke7 31. Bd3 f6 32. Ng6+ Kf7 33. h4 Nd7 34. h5 Nf8 35. Nf4 Ke7 36. e4 dxe4 37. fxe4 Nd7 38. Ke3 Nf8 39. e5 fxe5 40. dxe5 Nf7 41. Kd4 Nd7 42. Ng6+ Kd8 43. Bc4 Nc5 44. Nf4 Ke7 45. Ng6+ Kd8 46. Nf4 Ke7 47. Ng6+ Kd8 1/2-1/2


[Site "https://www.chess.com"]

[Event "Titled Tuesday Blitz September 13 Late 2022"]
[White "Bayo Milagro, Alvaro"]
[Black "Tari, Aryan"]
[WhiteFideId "22275240"]
[BlackFideId "1510045"]
[WhiteElo "2270"]
[BlackElo "2612"]
[Result "1-0"]
[Round "04"]
[TimeControl "180+1"]
[Date "2022.09.13"]
[WhiteClock "0:00:18"]
[BlackClock "0:00:01"]

1. e4 c6 2. d4 d5 3. Nc3 dxe4 4. Nxe4 Nf6 5. Nxf6+ exf6 6. c3 Bd6 7. Bd3 O-O 8. Qc2 Re8+ 9. Ne2 h5 10. Be3 Nd7 11. O-O-O b5 12. Kb1 Nb6 13. h4 Be6 14. Nf4 Bxf4 15. Bxf4 Qd5 16. b3 a5 17. Be4 Qd7 18. Kb2 a4 19. f3 Ra6 20. g4 Rea8 21. b4 Bb3 22. Qg2 Bxd1 23. gxh5 Bxf3 24. Bxf3 Qf5 25. Rg1 g6 26. hxg6 Qxf4 27. gxf7+ Kxf7 28. Qg7+ Ke6 29. Re1+ Qe5 30. dxe5 Nc4+ 31. Kc1 Nxe5 32. Bg4+ Kd5 33. Rd1+ Kc4 34. Qxf6 Re8 35. Be6+ 1-0


[Site "https://www.chess.com"]

[Event "Titled Tuesday Blitz September 13 Late 2022"]
[White "Bazeev, German"]
[Black "Lenderman, Aleksandr"]
[WhiteFideId "24119350"]
[BlackFideId "2021285"]
[WhiteElo "2493"]
[BlackElo "2607"]
[Result "0-1"]
[Round "04"]
[TimeControl "180+1"]
[Date "2022.09.13"]
[WhiteClock "0:00:09"]
[BlackClock "0:00:46"]

1. d4 e6 2. Nf3 c5 3. c3 Nf6 4. Bg5 cxd4 5. cxd4 Qb6 6. Qb3 Nc6 7. Bxf6 gxf6 8. e3 Qxb3 9. axb3 Bb4+ 10. Nc3 d5 11. Bb5 Bd7 12. O-O a6 13. Bd3 f5 14. Rfc1 Ke7 15. Na4 Rab8 16. Nb6 Be8 17. Bf1 Bd6 18. g3 h5 19. h4 Nb4 20. Nc8+ Kd7 21. Nxd6 Kxd6 22. Ne5 f6 23. Nd3 Nxd3 24. Bxd3 Bd7 25. Rc5 Rbc8 26. b4 e5 27. Be2 exd4 28. exd4 f4 29. Bf3 Bc6 30. gxf4 Rce8 31. Kh2 Re7 32. Rg1 Ke6 33. Re1+ Kf7 34. Rxe7+ Kxe7 35. Rc3 Kd6 36. Rc1 Rg8 37. Rc3 Bb5 38. Bd1 Bd7 39. Rg3 Rh8 40. Rg7 b6 41. Kg3 a5 42. bxa5 bxa5 43. Bf3 Rb8 44. Bxh5 Rxb2 45. Rg8 Bc6 46. Rd8+ Kc7 47. Rg8 a4 48. Kf3 a3 49. Rg1 a2 50. Bg6 Be8 51. h5 Bxg6 52. hxg6 Rb1 0-1


[Site "https://www.chess.com"]

[Event "Titled Tuesday Blitz September 13 Late 2022"]
[White "Bilan, Danila"]
[Black "Pap, Gyula"]
[WhiteFideId "24161918"]
[BlackFideId "725323"]
[WhiteElo "2164"]
[BlackElo "2519"]
[Result "0-1"]
[Round "04"]
[TimeControl "180+1"]
[Date "2022.09.13"]
[WhiteClock "0:00:05"]
[BlackClock "0:00:09"]

1. d4 e6 2. Nf3 c5 3. g3 b6 4. Bg2 Bb7 5. O-O Nf6 6. c4 cxd4 7. Qxd4 Nc6 8. Qd1 Be7 9. Nc3 Rc8 10. Bf4 O-O 11. Bd6 Na5 12. b3 Ne8 13. Bxe7 Qxe7 14. Qd2 a6 15. Rfd1 Nf6 16. Rac1 Rfd8 17. Qd6 Qxd6 18. Rxd6 Rc6 19. Rcd1 b5 20. Ne5 Rxd6 21. Rxd6 Bxg2 22. Kxg2 bxc4 23. Rxa6 Nb7 24. Nxc4 d5 25. Ne5 Nc5 26. Ra7 Ncd7 27. Nc6 Re8 28. b4 e5 29. b5 d4 30. Na4 h5 31. b6 Nxb6 32. Nxb6 Re6 33. Rc7 e4 34. Nc4 d3 35. exd3 exd3 36. Ne3 Rd6 37. Rc8+ Kh7 38. Ne5 d2 39. Nd1 Re6 40. Nc4 Re1 41. Ncb2 Ng4 42. h3 Ne5 43. Rd8 Re2 44. Nc4 Nxc4 45. a4 Re1 46. Nc3 Rc1 0-1


[Site "https://www.chess.com"]

[Event "Titled Tuesday Blitz September 13 Late 2022"]
[White "Bortnyk, Olexandr"]
[Black "Sliwicki, Damian"]
[WhiteFideId "14120828"]
[BlackFideId "1127128"]
[WhiteElo "2723"]
[BlackElo "2135"]
[Result "1-0"]
[Round "04"]
[TimeControl "180+1"]
[Date "2022.09.13"]
[WhiteClock "0:00:59"]
[BlackClock "0:00:05"]

1. d4 Nf6 2. Nc3 d5 3. Bf4 a6 4. e3 e6 5. Nf3 c5 6. a3 Nc6 7. h3 Ne4 8. Bd3 Nxc3 9. bxc3 c4 10. Be2 Bd6 11. Bxd6 Qxd6 12. e4 O-O 13. e5 Qc7 14. Qd2 f6 15. Qe3 fxe5 16. Nxe5 Nxe5 17. dxe5 Qf7 18. O-O Qf4 19. Qd4 Rf5 20. Bg4 Qxd4 21. cxd4 Rf4 22. c3 Bd7 23. a4 Raf8 24. g3 R4f7 25. f4 g6 26. Rfb1 h5 27. Bd1 Bc6 28. h4 Kg7 29. Rb6 Re7 30. Bc2 Ref7 31. Kf2 g5 32. hxg5 h4 33. Rf1 Rh8 34. Rbb1 Rff8 35. Rh1 Be8 36. Rxb7+ Kg8 37. Ke3 hxg3 38. Bh7+ Rxh7 39. Rhxh7 Bf7 40. g6 g2 41. Kf2 1-0


[Site "https://www.chess.com"]